 Dungeon Crawl Stone Soup version 0.23-b1-84-g6588a6b (webtiles) character file.

Game seed: 15741177066104772476

25748 Yuikono the Imperceptible (level 12, -2/56 HPs)
             Began as a Spriggan Abyssal Knight on Feb 7, 2019.
             Was a High Priest of Lugonu.
             Slain by a centaur warrior (13 damage)
             ... on level 14 of the Dungeon.
             The game lasted 01:25:47 (22857 turns).

Yuikono the Imperceptible (SpAK)                   Turns: 22857, Time: 01:25:48

Health: -2/56      AC:  7    Str:  6    XL:     12   Next: 92%
Magic:  12/19      EV: 18    Int: 14    God:    Lugonu [*****.]
Gold:   184        SH:  6    Dex: 25    Spells: 6/11 levels left

rFire    . . .     SeeInvis +   T - +2 dagger (flame)
rCold    + + +     Gourm    .   D - +0 buckler
rNeg     + . .     Faith    +   M - +0 troll leather armour
rPois    .         Spirit   .   (helmet restricted)
rElec    .         Reflect  .   w - +0 cloak {rC+}
rCorr    .         Harm     .   (gloves unavailable)
MR       ++...                  (boots unavailable)
Stlth    ++++++++..             X - amulet of faith
HPRegen  0.58/turn              N - ring of protection from cold
MPRegen  0.16/turn              L - ring of Bapit {*Corrode +Fly rC+ rN+ Dex+5}

@: very quick
A: very small, unfitting armour, horns 1, talons 1, yellow scales 1, see
invisible, herbivore, speed 3, slow metabolism 2, weak 1
a: Depart the Abyss, Bend Space, Banish, Corrupt, Enter the Abyss, Renounce
Religion, Evoke Flight


You were on level 14 of the Dungeon.
You worshipped Lugonu.
Lugonu was extremely pleased with you.
You were near starving.

You visited 2 branches of the dungeon, and saw 15 of its levels.
You visited the Abyss 1 time.
You also visited: Ice Cave.

You collected 914 gold pieces.
You spent 730 gold pieces at shops.

Inventory:

Hand Weapons
 f - a +2 dagger of draining
 v - a +0 blowgun
 T - a +2 dagger of flaming (weapon)
Missiles
 j - 455 stones (quivered)
 o - 8 curare-tipped needles
 u - 94 poisoned needles
 O - 6 needles of confusion
 P - 4 needles of paralysis
 W - 25 tomahawks
Armour
 g - a +2 robe of magic resistance
 w - a +0 cloak of cold resistance (worn)
 D - a +0 buckler (worn)
 M - a +0 troll leather armour (worn)
 Q - a +2 robe of fire resistance
 R - a +2 robe of cold resistance
Jewellery
 a - the ring of Deiliym {*Contam rN+ Int-2 Dex+3 Slay+5}
   (You bought it in a shop on level 13 of the Dungeon)

   [ring of dexterity]

   It affects your intelligence (-2).
   It affects your dexterity (+3).
   It affects your accuracy and damage with ranged weapons and melee attacks
   (+5).
   It protects you from negative energy.
   It causes magical contamination when unequipped.
 e - an uncursed amulet of harm
 h - an uncursed amulet of magic regeneration
 E - an uncursed amulet of rage
 L - the ring of Bapit (right hand) {*Corrode +Fly rC+ rN+ Dex+5}
   (You bought it in a shop on level 4 of the Dungeon)

   [ring of dexterity]

   It affects your dexterity (+5).
   It protects you from cold.
   It protects you from negative energy.
   It lets you fly.
   It may corrode you when you take damage.
 N - a ring of protection from cold (left hand)
 X - an amulet of faith (around neck)
Wands
 A - a wand of clouds (2)
 G - a wand of iceblast (10)
 I - a wand of disintegration (11)
 K - a wand of flame (34)
 Y - a wand of digging (6)
Scrolls
 d - 4 scrolls of fear
 l - 9 scrolls of teleportation
 m - 14 scrolls of identify
 r - a scroll of immolation {unknown}
 x - a scroll of magic mapping
 y - 9 scrolls of remove curse
 z - a scroll of holy word {unknown}
 C - a scroll of enchant armour
 F - 2 scrolls of amnesia
 S - a scroll of noise {unknown}
 U - a scroll of enchant weapon {unknown}
 V - a scroll of vulnerability {unknown}
Potions
 b - 4 potions of agility
 i - 3 potions of mutation
 k - 2 potions of flight
 n - a potion of haste
 p - a potion of berserk rage
 q - 4 potions of might
 s - 2 potions of lignification
 t - a potion of magic
 B - 10 potions of curing
 H - a potion of brilliance
 J - a potion of resistance {unknown}
Miscellaneous
 Z - a crystal ball of energy
Comestibles
 c - 12 rations


   Skills:
 - Level 2.7 Fighting
 - Level 6.8 Short Blades
 - Level 4.0 Throwing
 - Level 3.5 Dodging
 * Level 22.1 Stealth
 + Level 5.3 Air Magic
 + Level 8.1 Poison Magic
 - Level 8.4 Invocations


You had 6 spell levels left.
You knew the following spells:

 Your Spells              Type           Power        Failure   Level  Hunger
a - Mephitic Cloud        Conj/Pois/Air  ##......     34%         3    ####...
b - Poisonous Vapours     Pois/Air       ###...       7%          2    ###....

Your spell library contained the following spells:

 Spells                   Type           Power        Failure   Level  Hunger
 Shock                    Conj/Air       #...         26%         1    ##.....
 Swiftness                Chrm/Air       #.......     36%         2    ###....
 Static Discharge         Conj/Air       #.......     58%         3    ####...
 Airstrike                Air            ###.......   63%         4    #####..
 Conjure Flame            Conj/Fire      #.......     92%         3    ####...
 Lightning Bolt           Conj/Air       #.........   100%        5    ######.
 Freezing Cloud           Conj/Ice/Air   #.........   100%        6    #######
 Ring of Flames           Chrm/Fire      #.........   100%        7    #######


Dungeon Overview and Level Annotations

Branches:
Dungeon (14/15)            Temple (1/1) D:6            Lair (0/6) D:10
    Orc (0/2) D:11         Vaults (0/5) D:14

Altars:
Ashenzari
Cheibriados
Dithmenos
Elyvilon
Fedhas
Gozag
Hepliaklqana
Kikubaaqudgha
Makhleb
Nemelex Xobeh
Okawaru
Qazlal
Ru
Sif Muna
Trog
Uskayaw
Vehumet
Wu Jian
Xom
Yredelemnul
Zin
The Shining One

Shops:
D:4 ==*   D:8 :(:(   D:11 *   D:13 *

Annotations:
D:9 exclusion: ice statue


Innate Abilities, Weirdness & Mutations

You are very small and have problems with some larger weapons.
You are too small for most types of armour.
You have supernaturally acute eyesight. (SInv)
You are a herbivore.
You cover ground extremely quickly.
You need to consume almost no food.
You have a pair of small horns on your head.
You have sharp toenails.
You are partially covered in yellow scales. (AC +2)
You are weak. (Str -2)


Message History

Press: ? - help, Dir - move target cursor, f/p - centaur warrior
Aim: a centaur warrior (noxious fumes, moderately wounded, poisoned, confused) There's already a cloud there!
Casting: Poisonous Vapours (safe; 7% risk of failure)
Confirm with . or Enter, or press ? or * to list all spells.
Aiming: Poisonous Vapours (safe; 7% risk of failure)
Press: ? - help, Dir - move target cursor, f/p - centaur warrior
Aim: a centaur warrior (noxious fumes, moderately wounded, poisoned, confused) There's already a cloud there!
Throwing (i - inventory. (/) - cycle)
j - 456 stones (quivered)
Press: ? - help, Shift-Dir - straight line, f/p - centaur warrior
Aim: a centaur warrior (noxious fumes, moderately wounded, poisoned, confused)
You throw a stone. The stone hits the centaur warrior.
The centaur warrior is heavily wounded.
The centaur warrior is engulfed in noxious fumes. x2
The centaur warrior appears confused.
The centaur warrior hits you.
* * * LOW HITPOINT WARNING * * *
The centaur warrior is engulfed in noxious fumes.
The centaur warrior appears confused.
The centaur warrior hits you!
You die...

####### #)# ..## ##(#
#..# #..# ##.### ##.##
....=###### #.(#
##########
......(...#####○##
#.........
.....####....##○#
#......... .....#
####..○c########....<....
.....#
###..@......#.........
.....#
##.######.#.........
.....# #.# #.'..####...
.....# #.# ###..#......
###### #.# ####...... #
#.# #...... ## #.#
##...... .## #.#
##....†#. ..# #.#
#.....∩#.


You could see a centaur warrior (confused).

Vanquished Creatures
  Kirke (D:12)
  Erolcha (D:11)
  A hydra (D:14)
  A catoblepas (D:12)
  A centaur warrior (D:13)
  A two-headed ogre (shapeshifter) (D:14)
  A two-headed ogre (D:13)
  2 unseen horrors
  2 ugly things (D:11)
  Maurice (D:11)
  A komodo dragon (D:13)
  A kobold demonologist (D:13)
  A meliai (shapeshifter) (D:14)
  4 trolls
  7 polar bears (IceCv)
  A polar bear (shapeshifter) (D:14)
  3 hippogriffs
  A hornet (D:11)
  6 slime creatures
  A shadow (D:14)
  22 yaks
  A human (D:9)
  3 wyverns
  5 hogs
  2 wraiths
  A hungry ghost (D:7)
  2 water moccasins
  An acid dragon (D:11)
  9 orc warriors
  3 sky beasts
  2 eyes of draining
  3 ice beasts
  2 phantoms
  4 ogres
  8 centaurs
  3 wolves (IceCv)
  2 crocodiles
  2 big kobolds
  A crocodile (shapeshifter) (D:14)
  3 bullfrogs
  A wyvern zombie (D:13)
  A wyvern skeleton (D:6)
  3 scorpions
  16 killer bees
  4 wights
  2 howler monkeys
  6 crimson imps
  2 bullfrog zombies
  A quasit (D:12)
  4 hounds
  4 jellies
  5 centaur skeletons
  9 orc priests
  A bullfrog skeleton (D:10)
  Ijyb (D:5)
  3 iguanas
  9 orc wizards
  11 worker ants
  A worker ant zombie (D:9)
  3 gnolls (D:5)
  3 howler monkey skeletons
  17 adders
  A shadow imp (D:5)
  A worm (D:3)
  2 dart slugs
  12 leopard geckos
  44 orcs
  4 giant cockroaches
  9 goblins
  10 hobgoblins
  5 jackals
  18 kobolds
  2 quokkas
  4 ball pythons
  A ball python zombie (D:4)
  8 bats
  10 frilled lizards
  A jackal skeleton (D:6)
  A leopard gecko skeleton (D:4)
  2 leopard gecko zombies
  9 rats
368 creatures vanquished.

Vanquished Creatures (others)
  A centaur warrior (D:14)
  A tengu warrior (D:14)
  An ugly thing (D:12)
  A hog (D:9)
  A human (D:12)
  An acid dragon (D:12)
  An ogre (D:11)
  2 centaurs (D:14)
  A worker ant (D:12)
  4 starspawn tentacles (Abyss:1)
14 creatures vanquished.

Grand Total: 382 creatures vanquished

Notes
Turn   | Place    | Note
-------+----------+-------------------------------------------
     0 | Abyss:1  | Yuikono the Spriggan Abyssal Knight began the quest for the
                  | Orb.
     0 | Abyss:1  | Reached XP level 1. HP: 11/11 MP: 3/3
    46 | Abyss:1  | Noticed an apocalypse crab
    61 | Abyss:1  | Noticed a large abomination
    83 | Abyss:1  | Noticed a tentacled starspawn
   160 | Abyss:1  | Noticed a demonic crawler
   167 | Abyss:1  | Noticed an iron imp
   174 | Abyss:1  | Noticed a starcursed mass
   175 | Abyss:1  | Noticed an insubstantial wisp
   221 | Abyss:1  | Noticed a smoke demon
   229 | D:1      | Escaped the Abyss
   293 | D:1      | Reached * piety under Lugonu
   337 | D:1      | Reached XP level 2. HP: 16/16 MP: 4/4
   867 | D:1      | Reached skill level 1 in Stealth
  1012 | D:1      | Reached XP level 3. HP: 19/19 MP: 5/5
  1294 | D:2      | Reached skill level 2 in Stealth
  1301 | D:2      | Reached ** piety under Lugonu
  1564 | D:2      | Reached skill level 3 in Stealth
  1931 | D:2      | Reached XP level 4. HP: 23/23 MP: 6/6
  2369 | D:3      | Reached skill level 4 in Stealth
  2812 | D:3      | Found a sacrificial altar of Ru.
  2890 | D:3      | Reached *** piety under Lugonu
  2890 | D:3      | Reached skill level 5 in Stealth
  3004 | D:3      | Reached XP level 5. HP: 27/27 MP: 7/7
  3073 | D:3      | Found a glowing golden altar of the Shining One.
  3073 | D:3      | Found a shimmering altar of Xom.
  3252 | D:4      | Noticed an ogre
  3256 | D:4      | Found a shimmering altar of Xom.
  3257 | D:4      | Found a shimmering altar of Xom.
  3299 | D:4      | Found a shimmering altar of Xom.
  3300 | D:4      | Found a shimmering altar of Xom.
  3308 | D:4      | Found Eteeru's Assorted Antiques.
  3308 | D:4      | Found a shimmering altar of Xom.
  3308 | D:4      | Found a shimmering altar of Xom.
  3310 | D:4      | Found a shimmering altar of Xom.
  3328 | D:4      | Killed an ogre
  3328 | D:4      | Reached skill level 6 in Stealth
  3701 | D:4      | Reached XP level 6. HP: 28/32 MP: 8/8
  3733 | D:4      | Found Pojum's Jewellery Boutique.
  3740 | D:4      | Reached skill level 7 in Stealth
  3754 | D:4      | Found Zixaesok's Jewellery Boutique.
  3984 | D:4      | Found a sparkling altar of Nemelex Xobeh.
  3986 | D:4      | Found a radiant altar of Vehumet.
  4103 | D:5      | Entered Level 5 of the Dungeon
  4203 | D:5      | Found an ancient bone altar of Kikubaaqudgha.
  4418 | D:5      | Noticed a sky beast
  4427 | D:5      | Killed a sky beast
  4427 | D:5      | Reached skill level 8 in Stealth
  4920 | D:5      | Found a blossoming altar of Fedhas.
  4926 | D:5      | Reached skill level 5 in Short Blades
  4926 | D:5      | Reached XP level 7. HP: 35/35 MP: 9/9
  4928 | D:5      | Noticed Ijyb
  5012 | D:5      | Reached skill level 9 in Stealth
  5218 | D:5      | Killed Ijyb
  5456 | D:5      | Found a glowing silver altar of Zin.
  5490 | D:5      | Reached skill level 10 in Stealth
  6120 | D:6      | Reached skill level 11 in Stealth
  6120 | D:6      | Reached XP level 8. HP: 39/39 MP: 10/10
  6524 | D:6      | Found a basalt altar of Yredelemnul.
  6958 | D:6      | Reached **** piety under Lugonu
  7056 | D:6      | Reached skill level 12 in Stealth
  7556 | D:6      | Found a shattered altar of Ashenzari.
  7713 | D:6      | Found a staircase to the Ecumenical Temple.
  7721 | Temple   | Entered the Ecumenical Temple
  8364 | D:6      | Reached skill level 13 in Stealth
  8398 | D:7      | Found a stormy altar of Qazlal.
  8892 | D:7      | Reached XP level 9. HP: 34/43 MP: 12/12
  8952 | D:7      | Reached skill level 14 in Stealth
  9027 | D:7      | Found an iron altar of Okawaru.
  9550 | D:7      | Found a hazy altar of Hepliaklqana.
  9804 | D:8      | Found a blossoming altar of Fedhas.
  9873 | D:8      | Found Gecuikigg's Book Emporium.
  9972 | D:8      | Found a deep blue altar of Sif Muna.
 10049 | D:8      | Found Xonte's Weapon Shoppe.
 10090 | D:8      | Found Pocy's Weapon Emporium.
 10093 | D:8      | Bought 6 needles of paralysis for 46 gold pieces
 10490 | D:8      | Found Hebum's Book Shoppe.
 10535 | D:8      | Reached ***** piety under Lugonu
 10902 | D:9      | Reached skill level 1 in Throwing
 11586 | D:9      | Reached skill level 15 in Stealth
 11586 | D:9      | Reached skill level 5 in Invocations
 11772 | D:9      | Noticed an ice statue
 13660 | D:9      | Reached skill level 16 in Stealth
 13664 | D:9      | Reached XP level 10. HP: 25/47 MP: 15/15
 14104 | D:10     | Entered Level 10 of the Dungeon
 15143 | D:10     | Found a staircase to the Lair.
 15154 | D:10     | Learned a level 3 spell: Mephitic Cloud
 15353 | D:10     | Reached skill level 1 in Poison Magic
 15695 | D:11     | Noticed Erolcha
 15701 | D:11     | Killed Erolcha
 15701 | D:11     | Reached skill level 17 in Stealth
 15801 | D:11     | Found a frozen archway.
 15810 | IceCv    | Entered an ice cave
 16113 | IceCv    | Gained mutation: You are weak. (Str -2) [potion of
                  | mutation]
 16113 | IceCv    | Gained mutation: You have sharp toenails. [potion of
                  | mutation]
 16113 | IceCv    | Gained mutation: You are partially covered in yellow
                  | scales. (AC +2) [potion of mutation]
 16113 | IceCv    | Gained mutation: You have a pair of small horns on your
                  | head. [potion of mutation]
 16131 | IceCv    | Reached skill level 18 in Stealth
 16138 | IceCv    | Reached XP level 11. HP: 38/51 MP: 17/17
 16849 | IceCv    | Noticed a white draconian
 17357 | D:11     | Noticed Maurice
 17425 | D:11     | Found a staircase to the Orcish Mines.
 17542 | D:11     | Learned a level 2 spell: Poisonous Vapours
 18228 | D:11     | Killed Maurice
 18278 | D:11     | Paralysed by a hornet for 2 turns
 18504 | D:11     | Noticed a cyan ugly thing
 18507 | D:11     | Killed a cyan ugly thing
 18615 | D:11     | Found Keach's General Store.
 18618 | D:11     | Noticed a brown ugly thing
 18644 | D:11     | Killed a brown ugly thing
 18644 | D:11     | Reached skill level 19 in Stealth
 19033 | D:4      | Bought the ring of Bapit {*Corrode +Fly rC+ rN+ Dex+5} for
                  | 559 gold pieces
 19291 | D:12     | Found a burning altar of Makhleb.
 19305 | D:12     | Noticed a purple ugly thing
 19399 | D:12     | Reached skill level 5 in Poison Magic
 19407 | D:12     | Noticed Kirke
 20195 | D:11     | Reached skill level 1 in Air Magic
 20570 | D:12     | Noticed a lindwurm
 20671 | D:12     | Identified the +4 chain mail of Catatonia {Str+3 Int-5}
                  | (You found it on level 12 of the Dungeon)
 20724 | D:12     | Banished a purple ugly thing
 20724 | D:12     | Reached skill level 20 in Stealth
 20733 | D:12     | Noticed a sphinx
 20970 | D:12     | Killed Kirke
 20970 | D:12     | Reached XP level 12. HP: 50/56 MP: 13/19
 21291 | D:13     | Found Ocubrub's Assorted Antiques.
 21319 | D:13     | Bought a translucent pewter ring for 125 gold pieces
 21321 | D:13     | Identified the ring of Deiliym {*Contam rN+ Int-2 Dex+3
                  | Slay+5} (You bought it in a shop on level 13 of the
                  | Dungeon)
 21329 | D:13     | Noticed a catoblepas
 21368 | D:12     | Killed a catoblepas
 21563 | D:13     | Reached skill level 21 in Stealth
 21646 | D:13     | Noticed a two-headed ogre
 21664 | D:13     | Killed a two-headed ogre
 21753 | D:13     | Noticed a centaur warrior
 21781 | D:13     | Killed a centaur warrior
 21781 | D:13     | Reached ****** piety under Lugonu
 22057 | D:14     | Found a gate to the Vaults.
 22068 | D:14     | Noticed a two-headed ogre
 22068 | D:14     | a death drake changed into a two-headed ogre
 22074 | D:14     | Killed a two-headed ogre
 22271 | D:14     | Noticed a five-headed hydra
 22280 | D:14     | Killed a five-headed hydra
 22302 | D:14     | Noticed a tengu warrior
 22304 | D:14     | Reached skill level 5 in Air Magic
 22324 | D:14     | Banished a tengu warrior
 22391 | D:14     | Noticed a centaur warrior
 22466 | D:14     | Banished a centaur warrior
 22466 | D:14     | Reached skill level 22 in Stealth
 22767 | D:14     | Noticed a centaur warrior
 22857 | D:14     | Slain by a centaur warrior

Skill      XL: |  1  2  3  4  5  6  7  8  9 10 11 12 |
---------------+-------------------------------------+-----
Invocations    | 2 3 5 7 8 |  8.4
Stealth        | 1 3 5 6 8 11 13 16 18 20 22 | 22.1
Short Blades   | 3 4 5 6 |  6.8
Throwing       | 3 4 |  4.0
Poison Magic   | 3 6 8 |  8.1
Air Magic      | 2 5 |  5.3
Fighting       | |  2.7
Dodging        | |  3.5

Action                   |  1- 3 |  4- 6 |  7- 9 | 10-12 || total
-------------------------+-------+-------+-------+-------++-------
Melee: Short sword       |    13 |       |    45 |       ||    58
       Dagger            |   117 |   344 |   894 |   944 ||  2299
       Kick              |       |       |       |   266 ||   266
       Headbutt          |       |       |       |   172 ||   172
       Unarmed           |       |       |       |     2 ||     2
 Fire: Blowgun           |       |    17 |    16 |    15 ||    48
Throw: Stone             |       |     5 |    34 |    54 ||    93
 Cast: Poisonous Vapours |       |       |       |    57 ||    57
       Mephitic Cloud    |       |       |       |    26 ||    26
Invok: Depart the Abyss  |     1 |       |       |       ||     1
       Banish            |       |       |     1 |     6 ||     7
       Bend Space        |       |       |       |     2 ||     2
Evoke: Wand              |       |       |     2 |    26 ||    28
  Use: Potion            |       |       |     2 |    17 ||    19
       Scroll            |       |       |     4 |    11 ||    15
 Stab: Sleeping          |     7 |     9 |    21 |    32 ||    69
       Paralysed         |       |     1 |     2 |     2 ||     5
       Distracted        |       |       |     2 |     4 ||     6
       Invisible         |       |       |       |     8 ||     8
       Confused          |       |       |       |    30 ||    30
       Petrified         |       |       |       |     1 ||     1
  Eat: Ration            |       |     1 |     7 |    12 ||    20
Armor: Robe              |    17 |    35 |    96 |    40 ||   188
       Skin              |       |       |       |    54 ||    54
       Troll leather arm |       |       |       |    45 ||    45
Dodge: Dodged            |   105 |   188 |   572 |   476 ||  1341
Block: Buckler           |       |       |       |    10 ||    10
